 Dungeon Crawl Stone Soup version 0.29.1-15-g9cfb28693d (webtiles) character file.

Game seed: 17526447207740390922

3 aaaaaaaaaaaa the Trooper (level 1, 0/11 HPs)
             Began as a Vine Stalker Berserker on Apr 7, 2023.
             Was a Follower of Trog.
             Slain by a bat (1 damage)
             ... on level 1 of the Dungeon.
             The game lasted 00:00:53 (91 turns).

aaaaaaaaaaaa the Trooper (Vine Stalker Berserker)     Turns: 91, Time: 00:00:54

Health: 0/11       AC:  2    Str: 19    XL:     1   Next: 50%
Magic:  0/2        EV: 12    Int:  7    God:    Trog [*.....]
Gold:   4          SH:  0    Dex: 13    Spells: 0/0 levels left

rFire   . . .      SeeInvis .   a - +0 short sword
rCold   . . .      Faith    .   (no shield)
rNeg    . . .      Spirit   +   b - +0 animal skin
rPois   .          Reflect  .   (no helmet)
rElec   .          Harm     .   (no cloak)
rCorr   .          Rampage  .   (no gloves)
Will    .....                   (no boots)
Stlth   +.........              (no amulet)
HPRegen 0.03/turn               (no ring)
MPRegen 0.08/turn               (no ring)

@: no status effects
A: fangs 2, magic shield, antimagic bite, no potion heal 2
a: Renounce Religion, Berserk


You were on level 1 of the Dungeon.
You worshipped Trog.
Trog was aware of your devotion.
You visited 1 branch of the dungeon, and saw 1 of its levels.

You collected 4 gold pieces.

Inventory:

Hand Weapons
 a - a +0 short sword (weapon)
Armour
 b - a +0 animal skin (worn)
Potions
 c - 2 potions of curing {unknown}


   Skills:
 + Level 2.8 Fighting
 + Level 2.7 Short Blades
 + Level 1.5 Armour
 + Level 1.6 Dodging


You couldn't memorise any spells.
You didn't know any spells.
Your spell library was empty.

Dungeon Overview and Level Annotations

Branches:
Dungeon (1/15)

Altars:


Innate Abilities, Weirdness & Mutations

You have extremely sharp teeth.
When hurt, damage is shared between your health and your magic reserves.
Your bite disrupts and absorbs the magic of your enemies.
Potions cannot restore your health.


Message History

The frilled lizard bites you. The goblin barely misses you.
You hit the frilled lizard.
You kill the frilled lizard!
Trog accepts your kill. The bat closely misses you.
The giant cockroach barely misses you. The bat hits you but does no damage.
The goblin misses you.
You hit the goblin.
You kill the goblin!
Trog accepts your kill. The bat hits you but does no damage.
The giant cockroach closely misses you. The goblin closely misses you.
The giant cockroach bites you. The bat hits you.
* * * LOW HITPOINT WARNING * * *
The giant cockroach bites you but does no damage.
The goblin hits you with a +0 club.
* * * LOW HITPOINT WARNING * * *
You see here a +0 whip.
The giant cockroach attacks as you move away!
The giant cockroach bites you.
* * * LOW HITPOINT WARNING * * *
The bat closely misses you.
You see here a +0 leather armour.
The goblin attacks as you move away! The goblin barely misses you.
The bat barely misses you.
You barely miss the goblin. You bite the goblin.
You kill the goblin!
Trog accepts your kill. The bat misses you.
The giant cockroach barely misses you.
A frilled lizard comes into view.
The bat misses you. The giant cockroach bites you.
Things that are here:
a +0 club; a +0 leather armour The bat closely misses you.
The giant cockroach completely misses you.
You see here a glowing emerald potion.
The giant cockroach attacks as you move away!
The giant cockroach misses you.
The frilled lizard hisses angrily.
The bat hits you.
You die...

#.#####.. ##.# #.#
#.# .#. #.# ###.##.(
######.###....l.##
#...............=#
#........#......#
#........#...)B##.##.
#........#..)!b......
#............@#######
#......?.............
######.##.....#...!.#
..................+
.....##.....#.....#
"......##.....#.....#
.......######## ....#
....!..# ...# .......


You could see a giant cockroach, a bat and a frilled lizard.

Vanquished Creatures
  2 goblins (D:1)
  A frilled lizard (D:1)
3 creatures vanquished.

Notes
Turn   | Place    | Note
-------+----------+-------------------------------------------
     0 | D:1      | aaaaaaaaaaaa the Vine Stalker Berserker began the quest for
                  | the Orb.
     0 | D:1      | Reached XP level 1. HP: 11/11 MP: 2/2
    91 | D:1      | Slain by a bat

Illustrated notes

Levels and vault maps discovered:
D:1:      dpeg_arrival_three_same_balls, layout_basic, minmay_tall_x

Action                   || total
-------------------------++-------
Melee: Short sword       ||     7
       Bite              ||     1
Armor: Animal skin       ||     9
Dodge: Dodged            ||    23
